 Dungeon Crawl Stone Soup version 0.27-a0-1196-g3e9cee4cb2 (webtiles) character file.

Game seed: 9103424674692646940

44 Tocho the Firebug (level 3, -2/31 HPs)
             Began as an Ogre Fire Elementalist on May 30, 2021.
             Slain by a goblin
             ... wielding a +0 dagger
             ... led by Robin
              (3 damage)
             ... on level 2 of the Dungeon.
             The game lasted 00:02:20 (1654 turns).

Tocho the Firebug (Ogre Fire Elementalist)          Turns: 1654, Time: 00:02:21

Health: -2/31      AC:  3    Str: 12    XL:     3   Next: 62%
Magic:  7/7        EV: 10    Int: 17    God:
Gold:   50         SH:  0    Dex:  9    Spells: 7/8 levels left

rFire    . . .     SeeInvis .   g - +0 short sword
rCold    . . .     Faith    .   (no shield)
rNeg     . . .     Spirit   .   a - +0 robe
rPois    .         Reflect  .   (helmet restricted)
rElec    .         Harm     .   (no cloak)
rCorr    .         Rampage  .   (gloves unavailable)
Will     .....                  (boots unavailable)
Stlth    +.........             (no amulet)
HPRegen  0.10/turn              (no ring)
MPRegen  0.10/turn              (no ring)

@: no status effects
A: large, unfitting armour, tough skin 1
a: no special abilities


You were on level 2 of the Dungeon.
You visited 1 branch of the dungeon, and saw 2 of its levels.

You collected 50 gold pieces.

Inventory:

Hand Weapons
 b - a +0 dagger
 g - a +0 short sword (weapon)
Armour
 a - a +0 robe (worn)
Potions
 c - a potion of berserk rage {unknown}
 d - 3 potions of haste {unknown}
 e - a potion of flight {unknown}
 f - a potion of heal wounds {unknown}


   Skills:
 + Level 1.0 Short Blades
 + Level 2.1 Dodging
 + Level 1.4 Stealth
 + Level 3.2 Spellcasting
 + Level 0.8 Conjurations
 + Level 3.2 Fire Magic


You had 7 spell levels left.
You knew the following spells:

 Your Spells              Type           Power      Damage    Failure   Level
a - Foxfire               Conj/Fire      36%        2x1d5     8%          1

Your spell library contained the following spells:

 Spells                   Type           Power      Damage    Failure   Level
 Conjure Flame            Conj/Fire      9%         6-21      22%         3
 Inner Flame              Hex/Fire       8%         N/A       26%         3
 Sticky Flame             Conj/Fire      9%         2d3       58%         4
 Fireball                 Conj/Fire      4%         3d4       90%         5


Dungeon Overview and Level Annotations

Branches:
Dungeon (2/15)

Altars:

Annotations:
D:2 Robin


Innate Abilities, Weirdness & Mutations

You are too large for most types of armour.
You have tough skin. (AC +1)


Message History

Your Short Blades skill increases to level 1!
The goblin shouts!
You hit the kobold.
The kobold is severely wounded.
The kobold hits you but does no damage. The goblin hits you with a +0 dagger.
You hit the kobold.
You kill the kobold!
The goblin hits you but does no damage.
You hit the hobgoblin.
The hobgoblin is almost dead.
The hobgoblin hits you.
* * * LOW HITPOINT WARNING * * *
The goblin closely misses you.
You barely miss the hobgoblin.
The hobgoblin is almost dead.
The hobgoblin hits you but does no damage.
The goblin hits you with a +0 dagger.
* * * LOW HITPOINT WARNING * * *
You closely miss the hobgoblin.
The hobgoblin is almost dead.
The hobgoblin barely misses you. The goblin hits you with a +0 dagger.
* * * LOW HITPOINT WARNING * * *
You closely miss the hobgoblin.
The hobgoblin is almost dead.
The hobgoblin hits you.
* * * LOW HITPOINT WARNING * * *
The goblin hits you with a +0 dagger.
* * * LOW HITPOINT WARNING * * *
You closely miss the hobgoblin.
The hobgoblin is almost dead.
The hobgoblin no longer looks unusually strong.
The hobgoblin hits you.
* * * LOW HITPOINT WARNING * * *
Robin roars a battlecry!
The hobgoblin goes into a battle-frenzy!
The goblin barely misses you.
You closely miss the hobgoblin.
The hobgoblin is almost dead.
The hobgoblin barely misses you. The goblin hits you with a +0 dagger.
You die...

#.. #.# #.#
##########.#######
......<...†.......
............#..###
#.#####.##..# ... #.#
#g##.)##.## #?#
#@##..#...## #.#
#g##.......##.# #.#
##g##<[........# # #.#
#gg###..†...####
..g.###g####g####....>.#
..g.gg.gg..gg...#......#
ggg########......#....##
#..##.#.##..# #..##.#.#
..#


You could see Robin, 3 hobgoblins and 4 goblins.

Vanquished Creatures
  An adder (D:2)
  A ball python (D:1)
  A bat (D:1)
  4 endoplasms
  3 giant cockroaches (D:1)
  5 goblins
  6 hobgoblins
  3 kobolds
  A quokka (D:1)
  A frilled lizard (D:1)
  3 rats (D:1)
29 creatures vanquished.

Vanquished Creatures (others)
  78 foxfires
78 creatures vanquished.

Grand Total: 107 creatures vanquished

Notes
Turn   | Place    | Note
-------+----------+-------------------------------------------
     0 | D:1      | Tocho the Ogre Fire Elementalist began the quest for the
                  | Orb.
     0 | D:1      | Reached XP level 1. HP: 16/16 MP: 3/3
   269 | D:1      | Reached XP level 2. HP: 24/24 MP: 5/5
   697 | D:1      | Found a faded altar of an unknown god.
  1097 | D:1      | Reached XP level 3. HP: 31/31 MP: 4/7
  1618 | D:2      | Noticed Robin
  1647 | D:2      | Reached skill level 1 in Short Blades
  1653 | D:2      | HP: 1/31 [hobgoblin[Robin] (2)]
  1654 | D:2      | Slain by a goblin

Illustrated notes

Levels and vault maps discovered:
D:1:      minmay_arrival_stone_box, layout_basic,
          hellmonk_ecumenical_altar_blasted
D:2:      minmay_wonky_spiral, layout_loops_ring, uniq_sigmund, uniq_robin

Skill      XL: |  1  2  3 |
---------------+----------+-----
Fire Magic     | 3 |  3.2
Dodging        | 2 |  2.1
Spellcasting   | 3 |  3.2
Short Blades   | 1 |  1.0
Stealth        | |  1.4
Conjurations   | |  0.8

Action                   || total
-------------------------++-------
Melee: Dagger            ||    54
       Unarmed           ||     8
       Short sword       ||    34
 Cast: Foxfire           ||    49
Armor: Robe              ||    40
Dodge: Dodged            ||    54

Table legend: (Time is in decaauts)
 A = Elapsed time spent in this place.
 B = Non-inter-level travel time spent in this place.
 C = Inter-level travel time spent in this place.
 D = Time resting spent in this place.
 E = Time spent auto-exploring this place.
 F = Levels seen in this place.
 G = Mean time per level.
                   A        B        C        D        E       F      G
               +--------+--------+--------+--------+--------+-----+--------+
         Total |   1653 |   1653 |      0 |      0 |   1376 |   2 |  826.5 |
       Dungeon |   1653 |   1653 |      0 |      0 |   1376 |   2 |  826.5 |
               +--------+--------+--------+--------+--------+-----+--------+

Top non-repeatable levels by time:
     D:1: 1480 daAuts
     D:2: 173 daAuts
